 Dungeon Crawl Stone Soup version 0.30.1-4-g462c640d31 (webtiles) character file.

Game seed: 10209958244733567031

97 monsoonserge the Trooper (level 4, -3/41 HPs)
             Began as a Hill Orc Fighter on Aug 24, 2023.
             Slain by a gnoll
             ... wielding a +0 flail
              (7 damage)
             ... on level 3 of the Dungeon.
             The game lasted 00:03:14 (1409 turns).

monsoonserge the Trooper (Hill Orc Fighter)         Turns: 1409, Time: 00:03:15

Health: -3/41      AC: 10    Str: 20    XL:     4   Next: 68%
Magic:  4/4        EV:  7    Int:  8    God:
Gold:   117        SH:  4    Dex: 10    Spells: 3/3 levels left

rFire   . . .        a - +0 war axe
rCold   . . .        c - +0 buckler
rNeg    . . .        o - +0 chain mail
rPois   .            (no helmet)
rElec   .            m - +0 cloak
rCorr   .            (no gloves)
SInv    .            (no boots)
Will    .....        n - amulet of the acrobat Stlth
                     (no ring)
HPRegen 0.26/turn    (no ring)
MPRegen 0.09/turn

%: acrobat
@: no status effects
A: no striking features
a: no special abilities


You were on level 3 of the Dungeon.
You visited 1 branch of the dungeon, and saw 3 of its levels.

You collected 117 gold pieces.

Inventory:

Hand Weapons
 a - a +0 war axe (weapon)
Missiles
 f - 5 javelins (quivered)
 r - 6 poisoned darts
Armour
 c - a +0 buckler (worn)
 m - a +0 cloak (worn)
 o - a +0 chain mail (worn)
Jewellery
 l - a ring of wizardry
 n - an amulet of the acrobat (around neck)
Scrolls
 g - 2 scrolls of blinking {unknown}
 j - 2 scrolls of brand weapon {unknown}
 k - a scroll of summoning {unknown}
 p - a scroll of noise {unknown}
Potions
 b - 2 potions of brilliance {unknown}
 d - a potion of might
 e - 3 potions of flight {unknown}
 h - a potion of ambrosia {unknown}
 i - a potion of experience {unknown}
 q - a potion of mutation {unknown}


   Skills:
 + Level 4.4 Fighting
 + Level 4.2 Axes
 + Level 3.9 Armour
 + Level 0.3 Dodging
 + Level 3.9 Shields


You had 3 spell levels left.
You didn't know any spells.
Your spell library contained the following spells:

 Spells                   Type           Power      Damage    Failure   Level
 Beastly Appendage        Tmut           0%         N/A       99%         1
 Wereblood                Tmut           0%         N/A       99%         2
 Spider Form              Tmut/Pois      0%         N/A       100%        3
 Iskenderun's Battlesphe  Conj           0%         2d6       100%        5
 Iron Shot                Conj/Erth      0%         9d1       100%        6
 Spellforged Servitor     Conj/Summ      0%         N/A       100%        7


Dungeon Overview and Level Annotations

Branches:
Dungeon (3/15)

Altars:
Fedhas


Message History

You hit the gnoll. The gnoll hits you with a +0 whip.
The gnoll hits you with a +0 flail. The gnoll hits you but does no damage.
The gnoll hits you with a +0 whip.
You hit the gnoll but do no damage.
The gnoll is lightly wounded.
You hit the gnoll but do no damage. The gnoll hits you but does no damage.
The gnoll hits you with a +0 flail.
You hit the gnoll.
The gnoll is heavily wounded.
You hit the gnoll but do no damage. The gnoll hits you with a +0 whip.
The gnoll hits you with a +0 flail.
You slash the gnoll!
You kill the gnoll!
You closely miss the gnoll. The gnoll hits you but does no damage.
You closely miss the gnoll.
The gnoll is almost dead.
You barely miss the gnoll. The gnoll hits you with a +0 flail.
* * * LOW HITPOINT WARNING * * *
The gnoll hits you but does no damage.
Unknown command.
You closely miss the gnoll.
The gnoll is severely wounded.
You barely miss the gnoll. The gnoll hits you with a +0 flail.
* * * LOW HITPOINT WARNING * * *
The gnoll barely misses you.
Unknown command.
You completely miss the gnoll.
The gnoll is severely wounded.
You hit the gnoll. The gnoll hits you with a +0 flail.
* * * LOW HITPOINT WARNING * * *
The gnoll barely misses you. x2; You block the gnoll's attack.
You barely miss the gnoll.
The gnoll is severely wounded.
You hit the gnoll. The gnoll hits you with a +0 flail.
* * * LOW HITPOINT WARNING * * *
The gnoll hits you but does no damage.
You hit the gnoll.
You kill the gnoll!
You closely miss the gnoll. The gnoll hits you with a +0 flail!
You die...

#...†#...#...#...#..
#..#...#...#...#...#.
#....#...#...#.!.#..
#..#...#...#...#...#
#....#...#...#...#. #.
#..#...#...#...#..
#...
#....#...#...#...#...#
##.#...#...#...#g..#
#...#...#...#.@)#
#.#...#...#...#...#
##..#...#...#...#...#
###..#...#...#...#...
###..#...#...#$.##.
###..#...#..#...
###..#......##
###...?#### #####


You could see a gnoll.

Vanquished Creatures
  3 gnolls (D:3)
  3 adders (D:2)
  A dart slug (D:1)
  7 ball pythons
  2 endoplasms
  A giant cockroach (D:1)
  3 hobgoblins
  2 jackals (D:2)
  A quokka (D:3)
  4 bats
  4 frilled lizards
  6 goblins
  8 kobolds
  8 rats
53 creatures vanquished.

Notes
Turn   | Place    | Note
-------+----------+-------------------------------------------
     0 | D:1      | monsoonserge the Hill Orc Fighter began the quest for the
                  | Orb.
     0 | D:1      | Reached XP level 1. HP: 19/19 MP: 1/1
    72 | D:1      | Reached XP level 2. HP: 25/27 MP: 2/2
   396 | D:1      | You fall into a shaft and drop 1 floor!
   531 | D:2      | Reached XP level 3. HP: 33/33 MP: 3/3
   684 | D:2      | Found a blossoming altar of Fedhas.
   883 | D:2      | Reached XP level 4. HP: 40/40 MP: 4/4
  1409 | D:3      | Slain by a gnoll

Illustrated notes

Levels and vault maps discovered:
D:1:      lightli_iron_boxes, layout_rooms, serial_curves, eino_curves_03,
          eino_curves_01
D:2:      layout_loops_ring, basic_altar
D:3:      layout_loops_ring, marbit_many_paths, overflow_temple_1_default,
          hex_large, minmay_large_rounded_square,
          chequers_serial_rivers_micro_e, uniq_robin

Skill      XL: |  1  2  3  4 |
---------------+-------------+-----
Fighting       | 4 |  4.4
Axes           | 3 4 |  4.2
Armour         | |  3.9
Dodging        | |  0.3
Shields        | |  3.9

Action                     |  1- 3 |  4- 6 || total
---------------------------+-------+-------++-------
  Melee: War axe           |   128 |    45 ||   173
 Armour: Scale mail        |    32 |       ||    32
         Chain mail        |    41 |    27 ||    68
  Dodge: Dodged            |    58 |    25 ||    83
  Block: Buckler           |    27 |     8 ||    35
